 Dungeon Crawl Stone Soup version 0.30.1-11-g7821555f0a (webtiles) character file.

Game seed: 9774283713361987139

620 lonewolfV2 the Trooper (level 7, 0/59 HPs)
             Began as a Formicid Fighter on Nov 16, 2023.
             Slain by Dowan
             ... wielding a +4 dagger of distortion
              (5 damage)
             ... on level 4 of the Dungeon.
             The game lasted 00:03:53 (3829 turns).

lonewolfV2 the Trooper (Formicid Fighter)           Turns: 3829, Time: 00:03:53

Health: 0/59       AC:  9    Str: 23    XL:     7   Next: 75%
Magic:  7/7        EV:  9    Int:  7    God:
Gold:   153        SH:  5    Dex: 13    Spells: 6/6 levels left

rFire   . . .        a - +0 war axe
rCold   . . .        c - +0 buckler
rNeg    . . .        b - +0 scale mail
rPois   .            (helmet unavailable)
rElec   .            (no cloak)
rCorr   .            (no gloves)
SInv    +            g - +0 pair of boots
Will    .....        (no amulet) Stlth
                     (no ring)
HPRegen 0.29/turn    (no ring)
MPRegen 0.10/turn

%: no passive effects
@: attractive, invisible
A: permanent stasis, dig shafts and tunnels, antennae 3, four strong arms
a: Dig, Shaft Self


You were on level 4 of the Dungeon.
You visited 1 branch of the dungeon, and saw 4 of its levels.

You collected 153 gold pieces.

Inventory:

Hand Weapons
 a - a +0 war axe (weapon)
Armour
 b - a +0 scale mail (worn)
 c - a +0 buckler (worn)
 g - a +0 pair of boots (worn)
Wands
 e - a wand of roots (2)
Scrolls
 h - a scroll of identify
 i - 2 scrolls of teleportation
Potions
 j - a potion of berserk rage {unknown}
 l - a potion of haste


   Skills:
 + Level 6.9 Fighting
 - Level 2.0 Axes
 + Level 6.9 Armour
 - Level 4.0 Shields


You had 6 spell levels left.
You didn't know any spells.
Your spell library contained the following spells:

 Spells                   Type           Power      Damage    Failure   Level
 Lesser Beckoning         Tloc           0%         N/A       89%         2
 Gell's Gravitas          Tloc           0%         N/A       98%         3
 Teleport Other           Tloc           0%         N/A       98%         3


Dungeon Overview and Level Annotations

Branches:
Dungeon (4/15)
 Temple: D:4-7

Altars:
Sif Muna

Annotations:
D:4 Dowan, Duvessa


Innate Abilities, Weirdness & Mutations

You cannot be hasted, slowed, berserked, paralysed or teleported.
You can dig through walls and to a lower floor.
You have a pair of large antennae on your head. (SInv)
Your four strong arms can wield two-handed weapons with a shield.


Message History

Roots grab Duvessa.
Roots grab the scorpion.
The grasping roots constrict Duvessa.
The grasping roots constrict the scorpion.
You block Duvessa's attack.
It was a potion of attraction.
You feel attractive to monsters.
The grasping roots constrict Duvessa.
The grasping roots constrict the scorpion!
The roots release their grip on Duvessa.
Duvessa hits you with a +3 short sword of protection.
* * * LOW HITPOINT WARNING * * *
Duvessa hits you with a +3 short sword of protection.
* * * LOW HITPOINT WARNING * * *
It was a potion of invisibility.
You fade into invisibility!
The grasping roots constrict the scorpion!
You kill the scorpion!
Duvessa barely misses you. Dowan casts a spell at you.
The puff of flame hits Duvessa!
Dowan is attracted toward you.
You hit Duvessa but do no damage.
Duvessa is severely wounded.
Duvessa closely misses you.
Dowan casts a spell at Duvessa.
Duvessa easily resists.
Duvessa hits you with a +3 short sword of protection.
* * * LOW HITPOINT WARNING * * *
Duvessa hits you but does no damage. Dowan is attracted toward you.
You catch the helpless Duvessa completely off-guard!
You hit Duvessa but do no damage.
Duvessa is severely wounded.
You block Duvessa's attack. x2
You catch the helpless Duvessa completely off-guard!
You hit Duvessa but do no damage.
Duvessa is severely wounded.
Dowan hits you with a +4 dagger of distortion!
* * * LOW HITPOINT WARNING * * *
Space warps around you.
You die...

####........#
............#
#...)....#
#...)....#
#........#
#..<#.####
###.#.# #.#.#
{ #@#<# #e#.#
#e#.# #ยง..#
..... .....
..)....
.......#
.#.....##


You could see Duvessa (fast, unable to see you) and Dowan (unable to see you).

Vanquished Creatures
  Sigmund (D:2)
  A black bear (D:3)
  An ogre (D:2)
  A scorpion (D:4)
  A hound (D:4)
  Crazy Yiuf (D:3)
  Terence (D:3)
  Robin (D:2)
  4 adders (D:2)
  2 worms (D:2)
  3 dart slugs
  8 bats
  9 endoplasms
  A giant cockroach (D:3)
  18 goblins
  7 hobgoblins
  3 kobolds
  7 quokkas
  7 ball pythons
  4 frilled lizards
  8 rats
89 creatures vanquished.

Notes
Turn   | Place    | Note
-------+----------+-------------------------------------------
     0 | D:1      | lonewolfV2 the Formicid Fighter began the quest for the
                  | Orb.
     0 | D:1      | Reached XP level 1. HP: 18/18 MP: 1/1
    75 | D:1      | Reached XP level 2. HP: 22/24 MP: 2/2
   123 | D:1      | Reached XP level 3. HP: 6/30 MP: 3/3
  1043 | D:2      | Noticed an ogre
  1051 | D:2      | Killed an ogre
  1052 | D:2      | Reached XP level 4. HP: 6/38 MP: 4/4
  1052 | D:2      | Reached XP level 5. HP: 7/43 MP: 5/5
  1442 | D:2      | Reached skill level 5 in Fighting
  1454 | D:2      | Noticed Robin
  1460 | D:2      | Reached skill level 5 in Armour
  1467 | D:2      | Killed Robin
  1525 | D:2      | Found a shimmering blue altar of Sif Muna.
  1783 | D:2      | Noticed Sigmund
  1799 | D:2      | Killed Sigmund
  1800 | D:2      | Reached XP level 6. HP: 41/52 MP: 6/6
  2372 | D:2      | Reached XP level 7. HP: 50/58 MP: 7/7
  2932 | D:3      | Noticed Terence
  2948 | D:3      | Killed Terence
  3358 | D:3      | Found a runed translucent door.
  3359 | D:3      | Noticed Crazy Yiuf
  3369 | D:3      | Killed Crazy Yiuf
  3809 | D:4      | Noticed Dowan
  3813 | D:4      | Noticed Duvessa
  3829 | D:4      | Slain by Dowan

Illustrated notes

Levels and vault maps discovered:
D:1:      dpeg_arrival_shelter, layout_rooms, serial_forest,
          infiniplex_forest_join, infiniplex_forest_lined_room_,
          infiniplex_forest_side_room, infiniplex_forest_lined_2,
          infiniplex_forest_straight_2, infiniplex_forest_straight_4,
          infiniplex_forest_clump_small, infiniplex_forest_zigzag_1
D:2:      minmay_skewed_foursquare, layout_loops_ring, basic_altar,
          uniq_sigmund, uniq_robin
D:3:      layout_loops_ring, kennysheep_path_1, uniq_terence,
          uniq_crazy_yiuf_cottage
D:4:      layout_rooms, chequers_temple_overflow_minitemple,
          nicolae_yredelemnul_corpse_copse, uniq_duvessa

Skill      XL: |  1  2  3  4  5 |
---------------+----------------+-----
Fighting       | 4 6 |  6.9
Armour         | 4 6 |  6.9
Axes           | |  2.0
Shields        | |  4.0

Action                     |  1- 3 |  4- 6 |  7- 9 || total
---------------------------+-------+-------+-------++-------
  Melee: War axe           |   109 |   115 |    58 ||   282
  Evoke: Wand              |       |       |     3 ||     3
    Use: Scroll            |     1 |       |     6 ||     7
         Potion            |     1 |       |     4 ||     5
   Stab: Invisible         |       |       |     2 ||     2
 Armour: Scale mail        |    59 |    60 |    42 ||   161
  Dodge: Dodged            |    53 |    62 |    43 ||   158
  Block: Buckler           |    41 |    28 |    24 ||    93
